 Dungeon Crawl Stone Soup version 0.29-a0-286-g41199d4a87 (webtiles) character file.

Game seed: 11698108003638289224

4104 Ijustatesigmund the Cleaver (level 10, 0/91 HPs)
             Began as a Minotaur Fighter on Mar 16, 2022.
             Killed from afar by an orc wizard (2 damage)
             ... with a puff of flame
             ... on level 9 of the Dungeon.
             The game lasted 00:09:41 (7472 turns).

Ijustatesigmund the Cleaver (Minotaur Fighter)      Turns: 7472, Time: 00:09:42

Health: 0/91       AC: 15    Str: 24    XL:     10   Next: 6%
Magic:  9/9        EV:  9    Int:  2    God:
Gold:   351        SH: 10    Dex:  9    Spells: 9/9 levels left

rFire   + + +      SeeInvis +   a - +1 war axe (flame)
rCold   . . .      Faith    .   c - +0 buckler
rNeg    . . .      Spirit   .   b - +0 chain mail
rPois   .          Reflect  +   (helmet restricted)
rElec   +          Harm     .   (no cloak)
rCorr   +          Rampage  .   (no gloves)
Will    .....                   j - +1 pair of boots
Stlth   ..........              o - amulet of reflection
HPRegen 0.25/turn               k - ring of Jealousy {rElec rF+++ rCorr AC+4 Int-5}
MPRegen 0.11/turn               p - ring of see invisible

@: mighty, hasted, very quick
A: horns 2, retaliatory headbutt
a: no special abilities


You were on level 9 of the Dungeon.
You visited 1 branch of the dungeon, and saw 9 of its levels.

You collected 423 gold pieces.
You spent 72 gold pieces at shops.

Inventory:

Hand Weapons
 a - a +1 war axe of flaming (weapon)
Missiles
 g - 4 silver javelins (quivered)
Armour
 b - a +0 chain mail (worn)
 c - a +0 buckler (worn)
 j - a +1 pair of boots (worn)
Jewellery
 k - the ring of Jealousy (left hand) {rElec rF+++ rCorr AC+4 Int-5}
   (You found it on level 2 of the Dungeon)

   [ring of protection]

   AC:        It affects your AC (+4).
   Int:       It affects your intelligence (-5).
   rF:        It renders you almost immune to fire.
   rElec:     It insulates you from electricity.
   rCorr:     It protects you from acid and corrosion.
 l - a ring of positive energy
 o - an amulet of reflection (around neck)
 p - a ring of see invisible (right hand)
 t - a ring of wizardry
Wands
 r - a wand of acid (4)
 v - a wand of iceblast (13)
Scrolls
 f - 4 scrolls of identify
 h - a scroll of amnesia
 m - a scroll of fear
 q - a scroll of torment
 y - a scroll of noise
Potions
 d - a potion of might
 e - 2 potions of brilliance
 n - 4 potions of lignification
 x - a potion of mutation
Miscellaneous
 A - a condenser vane


   Skills:
 + Level 9.5 Fighting
 + Level 10.7 Axes
 - Level 4.4 Armour
 + Level 5.8 Dodging
 - Level 6.2 Shields
 + Level 4.9 Evocations


You had 9 spell levels left.
You didn't know any spells.
Your spell library contained the following spells:

 Spells                   Type           Power      Damage    Failure   Level
 Animate Skeleton         Necr           0%         N/A       99%         1
 Apportation              Tloc           0%         N/A       99%         1
 Summon Small Mammal      Summ           0%         N/A       99%         1
 Ensorcelled Hibernation  Hex/Ice        0%         N/A       100%        2
 Gell's Gravitas          Tloc           0%         N/A       100%        3
 Ignite Poison            Fire/Tmut/Pois 0%         N/A       100%        3
 Lesser Beckoning         Tloc           0%         N/A       100%        3
 Mephitic Cloud           Conj/Pois/Air  0%         N/A       100%        3
 Spider Form              Tmut/Pois      0%         N/A       100%        3
 Teleport Other           Tloc           0%         N/A       100%        3
 Anguish                  Hex/Necr       0%         N/A       100%        4
 Freezing Cloud           Conj/Ice/Air   0%         6-21      100%        5


Dungeon Overview and Level Annotations

Branches:
Dungeon (9/15)             Temple (0/1) D:5
   Lair: D:8-11         Orc: D:9-12

Altars:
Ashenzari
Cheibriados
Elyvilon
Gozag
Hepliaklqana
Okawaru
Zin

Shops:
D:4 !


Innate Abilities, Weirdness & Mutations

You have a pair of horns on your head.
You reflexively headbutt those who attack you in melee.


Message History

You slash the molten gargoyle!
The molten gargoyle is severely damaged.
You closely miss the molten gargoyle. You hit the molten gargoyle.
The molten gargoyle is severely damaged.
You slash the molten gargoyle!
The molten gargoyle blasts magma at you!
The bolt of magma hits you! You partially resist.
* * * LOW HITPOINT WARNING * * *
The orc warrior hits you but does no damage.
You block the molten gargoyle's attack.
You slash the molten gargoyle!
You destroy the molten gargoyle!
You slash the molten gargoyle! You block the orc warrior's attack.
An orc wizard comes into view. It is wielding a +2 dagger of pain.
The molten gargoyle blasts magma at you!
The bolt of magma hits you! You partially resist.
* * * LOW HITPOINT WARNING * * *
Your life force feels restored.
You closely miss the molten gargoyle.
The molten gargoyle is severely damaged.
You slash the orc priest! You burn the orc priest.
You kill the orc priest!
You hit the molten gargoyle.
The molten gargoyle is severely damaged.
The orc warrior hits you from afar with a +0 halberd.
* * * LOW HITPOINT WARNING * * *
The molten gargoyle blasts magma at you!
The bolt of magma hits you.
* * * LOW HITPOINT WARNING * * *
An orc wizard comes into view. It is wielding a +0 dagger.
Okay, then.
You slice the molten gargoyle!!
You destroy the molten gargoyle!
The orc warrior hits you but does no damage.
You have reached level 10!
You see here a +0 mace.
The orc wizard gestures at you while chanting.
The puff of flame hits you. You resist.
You die...

..................#.#.#.#.#
...........................
...........................
....#.).#...#####...######..
....#)).#...........#....# .
....#...#.........o)#....#
....#...#.........o)'....#
....#...#.........o)#....#
....#...#.......@...#....#
##########################


You could see an orc warrior and 2 orc wizards.

Vanquished Creatures
  A two-headed ogre (D:8)
  3 molten gargoyles (D:9)
  A wyvern (D:5)
  Eustachio (D:4)
  3 steam dragons
  2 sky beasts (D:5)
  2 ogres (D:5)
  2 centaurs (D:9)
  2 phantoms
  A kobold brigand (D:8)
  A bullfrog (D:8)
  A scorpion (D:5)
  14 wights
  3 hounds
  2 orc priests
  A gnoll shaman (D:8)
  An iguana (D:5)
  4 orc wizards
  3 gnolls (D:8)
  10 adders
  A shadow imp (D:5)
  2 ufetubi
  3 worms
  2 dart slugs
  19 orcs
  8 ball pythons
  2 bats (D:1)
  7 endoplasms
  4 giant cockroaches
  6 goblins
  8 hobgoblins
  4 jackals (D:1)
  4 quokkas
  2 frilled lizards
  13 kobolds
  4 rats
147 creatures vanquished.

Notes
Turn   | Place    | Note
-------+----------+-------------------------------------------
     0 | D:1      | Ijustatesigmund the Minotaur Fighter began the quest for
                  | the Orb.
     0 | D:1      | Reached XP level 1. HP: 19/19 MP: 0/0
    72 | D:1      | Reached skill level 3 in Axes
    72 | D:1      | Reached XP level 2. HP: 19/27 MP: 1/1
   426 | D:1      | Reached XP level 3. HP: 31/33 MP: 2/2
  1139 | D:2      | You fall into a shaft and drop 2 floors!
  1160 | D:3      | Found an iron altar of Okawaru.
  1183 | D:3      | Reached skill level 4 in Axes
  1253 | D:3      | Reached XP level 4. HP: 34/40 MP: 3/3
  1312 | D:2      | Identified the ring of Jealousy {rElec rF+++ rCorr AC+4
                  | Int-5}
  1997 | D:3      | Found a faded altar of an unknown god.
  2275 | D:4      | Found Mieg's Distillery.
  2286 | D:4      | Reached skill level 5 in Axes
  2286 | D:4      | Reached XP level 5. HP: 29/47 MP: 4/4
  2481 | D:4      | Bought a potion of heal wounds for 60 gold pieces
  2481 | D:4      | Bought a potion of degeneration for 12 gold pieces
  2606 | D:4      | Noticed a phantom
  2614 | D:4      | Killed a phantom
  2615 | D:4      | Reached skill level 5 in Fighting
  2762 | D:4      | Noticed Eustachio
  2786 | D:4      | Killed Eustachio
  2787 | D:4      | Reached skill level 6 in Axes
  2787 | D:4      | Reached XP level 6. HP: 49/56 MP: 5/5
  3152 | D:5      | Entered Level 5 of the Dungeon
  3165 | D:5      | Noticed a sky beast
  3170 | D:5      | Killed a sky beast
  3171 | D:5      | Reached skill level 5 in Shields
  3186 | D:5      | Reached XP level 7. HP: 37/62 MP: 6/6
  3188 | D:5      | Reached skill level 7 in Axes
  3336 | D:5      | Noticed a wyvern
  3343 | D:5      | Killed a wyvern
  3495 | D:5      | Reached skill level 8 in Axes
  3708 | D:5      | Reached XP level 8. HP: 66/71 MP: 7/7
  3744 | D:5      | Found a staircase to the Ecumenical Temple.
  3838 | D:5      | Found a glowing silver altar of Zin.
  3897 | D:5      | Found a snail-covered altar of Cheibriados.
  4297 | D:6      | Reached skill level 1 in Dodging
  4864 | D:6      | Reached skill level 1 in Evocations
  5519 | D:7      | Reached skill level 9 in Axes
  6157 | D:8      | Reached XP level 9. HP: 60/81 MP: 8/8
  6529 | D:8      | Noticed a two-headed ogre
  6536 | D:8      | Killed a two-headed ogre
  7094 | D:9      | Found an opulent altar of Gozag.
  7094 | D:9      | Found a hazy altar of Hepliaklqana.
  7095 | D:9      | Found a broken altar of Ashenzari.
  7128 | D:9      | Reached skill level 10 in Axes
  7166 | D:9      | Found a white marble altar of Elyvilon.
  7340 | D:9      | Reached skill level 5 in Dodging
  7422 | D:9      | Noticed a molten gargoyle
  7425 | D:9      | Noticed a molten gargoyle
  7436 | D:9      | Killed a molten gargoyle
  7437 | D:9      | Noticed a molten gargoyle
  7443 | D:9      | HP: 2/80 [molten gargoyle/+0 mace (12)]
  7465 | D:9      | Killed a molten gargoyle
  7467 | D:9      | HP: 2/83 [orc warrior/+0 halberd (2)]
  7468 | D:9      | Killed a molten gargoyle
  7469 | D:9      | Reached XP level 10. HP: 1/91 MP: 9/9
  7472 | D:9      | Killed from afar by an orc wizard

Illustrated notes

Levels and vault maps discovered:
D:1:      heliophobic_arrival_enchanted_forest, layout_rooms,
          minmay_pentomino_p2
D:2:      layout_basic, st_stairs_13
D:3:      layout_rooms, okawaru_ov_weapons_minmay,
          shapermc_ecumenical_altar_mp_highgroup
D:4:      layout_loops_ring, serial_shops, shop, uniq_eustachio
D:5:      layout_loops_ring, zin_scriptorium, cheibrodos_worm_habitat,
          minmay_temple_entry_crystal_x, grunt_ministairs_10
D:6:      layout_loops_corners
D:7:      layout_cave_pools
D:8:      layout_basic
D:9:      layout_grid_maze, nicolae_overflow_quartered_altars,
          grunt_qazlal_clouds, minivault_8

Skill      XL: |  1  2  3  4  5  6  7  8  9 |
---------------+----------------------------+-----
Axes           | 3 4 5 6 8 9 10 | 10.7
Fighting       | 4 5 6 8 9 |  9.5
Armour         | 4 |  4.4
Shields        | 4 5 6 |  6.2
Dodging        | 3 5 |  5.8
Evocations     | 3 4 |  4.9

Action                   |  1- 3 |  4- 6 |  7- 9 | 10-12 || total
-------------------------+-------+-------+-------+-------++-------
Melee: War axe           |    81 |    90 |   228 |       ||   399
       Headbutt          |    10 |    10 |    40 |       ||    60
  Use: Scroll            |     8 |     5 |     6 |       ||    19
       Potion            |       |       |     6 |       ||     6
Armor: Scale mail        |    17 |       |       |       ||    17
       Chain mail        |    34 |    54 |    87 |       ||   175
Dodge: Dodged            |    39 |    23 |    67 |       ||   129
Block: Buckler           |    24 |    39 |   119 |       ||   182
       Reflection        |       |     4 |     4 |       ||     8

Table legend: (Time is in decaauts)
 A = Elapsed time spent in this place.
 B = Non-inter-level travel time spent in this place.
 C = Inter-level travel time spent in this place.
 D = Time resting spent in this place.
 E = Time spent auto-exploring this place.
 F = Levels seen in this place.
 G = Mean time per level.
                   A        B        C        D        E       F      G
               +--------+--------+--------+--------+--------+-----+--------+
         Total |   7549 |   7384 |    165 |    976 |   5366 |   9 |  838.8 |
       Dungeon |   7549 |   7384 |    165 |    976 |   5366 |   9 |  838.8 |
               +--------+--------+--------+--------+--------+-----+--------+

Top non-repeatable levels by time:
     D:8: 1500 daAuts
     D:2: 1252 daAuts
     D:4: 979 daAuts
     D:6: 970 daAuts
     D:5: 916 daAuts
     D:1: 574 daAuts
     D:7: 566 daAuts
     D:3: 400 daAuts
     D:9: 388 daAuts
